 Dungeon Crawl Stone Soup version 0.30.0-5-g1a98f26d00 (webtiles) character file.

Game seed: 6210199579237410466

88 Adrian566 the Chopper (level 4, -2/40 HPs)
             Began as a Hill Orc Fighter on May 9, 2023.
             Slain by Terence
             ... wielding a +2 flail of protection
              (9 damage)
             ... on level 2 of the Dungeon.
             The game lasted 00:01:03 (1220 turns).

Adrian566 the Chopper (Hill Orc Fighter)            Turns: 1220, Time: 00:01:04

Health: -2/40      AC:  7    Str: 20    XL:     4   Next: 54%
Magic:  4/4        EV:  9    Int:  8    God:
Gold:   55         SH:  4    Dex: 10    Spells: 3/3 levels left

rFire   . . .        a - +0 war axe
rCold   . . .        c - +0 buckler
rNeg    . . .        b - +0 scale mail
rPois   .            (no helmet)
rElec   .            (no cloak)
rCorr   .            (no gloves)
SInv    .            (no boots)
Will    .....        (no amulet) Stlth
                     (no ring)
HPRegen 0.26/turn    (no ring)
MPRegen 0.09/turn

%: no passive effects
@: mighty
A: no striking features
a: no special abilities


You were on level 2 of the Dungeon.
You visited 1 branch of the dungeon, and saw 2 of its levels.

You collected 55 gold pieces.

Inventory:

Hand Weapons
 a - a +0 war axe (weapon)
Armour
 b - a +0 scale mail (worn)
 c - a +0 buckler (worn)
Wands
 m - a wand of flame (23)
Scrolls
 g - a scroll of amnesia {unknown}
 h - a scroll of noise {unknown}
 i - 2 scrolls of identify {unknown}
 j - a scroll of teleportation {unknown}
 l - a scroll of fear {unknown}
 n - a scroll of acquirement {unknown}
Potions
 e - 3 potions of haste {unknown}
 f - 2 potions of curing {unknown}
 k - a potion of flight {unknown}


   Skills:
 + Level 4.2 Fighting
 + Level 4.3 Axes
 + Level 4.2 Armour
 + Level 0.6 Dodging
 + Level 3.3 Shields


You had 3 spell levels left.
You didn't know any spells.
Your spell library contained the following spells:

 Spells                   Type           Power      Damage    Failure   Level
 Scorch                   Fire           0%         2d5       92%         2
 Flame Wave               Conj/Fire      0%         2d4       100%        4
 Summon Cactus Giant      Summ           0%         N/A       100%        6


Dungeon Overview and Level Annotations

Branches:
Dungeon (2/15)

Altars:
Elyvilon

Annotations:
D:2 Terence


Message History

You hit the worm but do no damage.
The worm is moderately wounded.
The worm completely misses you.
You barely miss the worm.
The worm is moderately wounded.
You hit the worm.
The worm is heavily wounded.
You block the worm's attack.
You slash the worm!
The worm is almost dead.
You block the worm's attack.
You barely miss the worm.
The worm is severely wounded.
The worm bites you but does no damage.
You slash the worm!
You kill the worm!
Terence hits you with a +2 flail of protection.
You slash Terence!
Terence is severely wounded.
Terence hits you but does no damage.
You hit Terence but do no damage.
Terence is severely wounded.
Terence hits you but does no damage.
You hit Terence.
Terence is almost dead.
Terence hits you with a +2 flail of protection.
* * * LOW HITPOINT WARNING * * *
You barely miss Terence.
Terence is almost dead.
Terence hits you with a +2 flail of protection.
* * * LOW HITPOINT WARNING * * *
Terence hits you but does no damage.
Unknown command.
You are too injured to fight recklessly!
You feel very mighty all of a sudden. Terence hits you but does no damage.
You hit Terence but do no damage.
Terence is almost dead.
Terence hits you with a +2 flail of protection!
You die...

.....##.###.#
#.###... ####.##.#
#.# #.......
#.....# #.#
#####...
#..######.# ##.#
#.......#.# #.#
#..####.#.# #.#
#..# #.#.# #.# #..#
#.#.# #.# #..# #@#
#.# #..# #@# #.#
#.........# # #>#
#.#####......## #..
.........#######.#
....)..#.........#
####.<.....######.#
.##.##.# #.#
.##.##.######.#


You could see Terence.

Vanquished Creatures
  5 adders (D:2)
  2 worms (D:2)
  2 ball pythons
  5 bats
  3 endoplasms (D:2)
  2 giant cockroaches (D:1)
  3 hobgoblins
  4 jackals (D:1)
  4 quokkas
  3 frilled lizards
  A goblin (D:1)
  A kobold (D:1)
  3 rats
38 creatures vanquished.

Notes
Turn   | Place    | Note
-------+----------+-------------------------------------------
     0 | D:1      | Adrian566 the Hill Orc Fighter began the quest for the Orb.
     0 | D:1      | Reached XP level 1. HP: 19/19 MP: 1/1
   134 | D:1      | Reached XP level 2. HP: 27/27 MP: 2/2
   688 | D:2      | Reached XP level 3. HP: 27/33 MP: 3/3
   736 | D:2      | Found a white marble altar of Elyvilon.
   941 | D:2      | Reached XP level 4. HP: 39/40 MP: 4/4
  1197 | D:2      | Noticed Terence
  1220 | D:2      | Slain by Terence

Illustrated notes

Levels and vault maps discovered:
D:1:      minmay_arrival_loop, layout_loops_ring
D:2:      layout_loops_ring, basic_altar, minmay_tetromino_t4, uniq_terence

Skill      XL: |  1  2  3  4 |
---------------+-------------+-----
Axes           | 3 4 |  4.3
Fighting       | 4 |  4.2
Armour         | 4 |  4.2
Dodging        | |  0.6
Shields        | |  3.3

Action                     |  1- 3 |  4- 6 || total
---------------------------+-------+-------++-------
  Melee: War axe           |    95 |    44 ||   139
    Use: Potion            |       |     1 ||     1
 Armour: Scale mail        |    51 |    18 ||    69
  Dodge: Dodged            |    47 |    20 ||    67
  Block: Buckler           |    19 |     8 ||    27
